 Dungeon Crawl Stone Soup version 0.27.1-1-g398f81649c (webtiles) character file.

Game seed: 12324416785911376707

421 MisterFreud the Shield-Bearer (level 6, -3/53 HPs)
             Began as a Gnoll Fighter on Sept 10, 2021.
             Was a Plaything of Xom.
             Splashed by a jelly's acid (9 damage)
             ... on level 4 of the Dungeon.
             The game lasted 00:03:51 (3111 turns).

MisterFreud the Shield-Bearer (Gnoll Fighter)       Turns: 3111, Time: 00:03:52

Health: -3/53      AC: -2    Str: 15      XL:     6   Next: 94%
Magic:  9/9        EV:  5    Int: 10      God:    Xom [......]
Gold:   266        SH:  9    Dex:  3 (11) Spells: 9/9 levels left

rFire    + . .     SeeInvis .   a - +0 rapier
rCold    + + .     Faith    .   c - +0 kite shield
rNeg     . . .     Spirit   .   r - +2 chain mail {Will+}
rPois    .         Reflect  .   (no helmet)
rElec    .         Harm     .   u - scarf {rC+ rF+}
rCorr    .         Rampage  .   (no gloves)
Will     +....     Clarity  +   (no boots)
Stlth    ..........             n - amulet of magic regeneration
HPRegen  0.17/turn              (no ring)
MPRegen  0.36/turn              (no ring)

@: about to teleport, corroded
A: fangs 1, strong nose, distributed training, talons 1, clarity, cold
resistance 1, shaggy fur 1, subdued magic 1
a: Renounce Religion


You were on level 4 of the Dungeon.
You worshipped Xom.
You were a very special plaything of Xom.
You visited 1 branch of the dungeon, and saw 4 of its levels.

You collected 266 gold pieces.

Inventory:

Hand Weapons
 a - a +0 rapier (weapon)
Missiles
 f - 57 poisoned darts (quivered)
 o - 3 silver javelins
Armour
 b - a +0 scale mail
 c - a +0 kite shield (worn)
 r - a +2 chain mail of willpower (worn)
 u - a scarf of resistance (worn)
Jewellery
 n - an amulet of magic regeneration (around neck)
Scrolls
 g - a scroll of summoning {unknown}
 h - a scroll of amnesia {unknown}
 i - a scroll of fear {unknown}
 k - 3 scrolls of teleportation
 l - 5 scrolls of identify {unknown}
 q - a scroll of magic mapping {unknown}
 s - 2 scrolls of noise {unknown}
 t - a scroll of enchant weapon {unknown}
Potions
 d - 3 potions of might
 e - a potion of resistance {unknown}
 m - 5 potions of curing {unknown}
 p - a potion of mutation {unknown}


   Skills:
 + Level 6.9 Fighting
 + Level 5.1 Short Blades
 + Level 2.1 Long Blades
 + Level 2.1 Axes
 + Level 2.1 Maces & Flails
 + Level 2.1 Polearms
 + Level 2.1 Staves
 + Level 2.1 Slings
 + Level 2.1 Bows
 + Level 2.1 Crossbows
 + Level 2.1 Throwing
 + Level 6.9 Armour
 + Level 2.1 Dodging
 + Level 2.1 Stealth
 + Level 6.9 Shields
 + Level 2.1 Unarmed Combat
 + Level 2.1 Spellcasting
 + Level 1.7 Conjurations
 + Level 1.7 Hexes
 + Level 1.7 Summonings
 + Level 1.7 Necromancy
 + Level 1.7 Translocations
 + Level 1.7 Transmutations
 + Level 1.7 Fire Magic
 + Level 1.7 Ice Magic
 + Level 1.7 Air Magic
 + Level 1.7 Earth Magic
 + Level 1.7 Poison Magic
 + Level 2.4 Invocations
 + Level 2.1 Evocations


You had 9 spell levels left.
You didn't know any spells.
Your spell library contained the following spells:

 Spells                   Type           Power      Damage    Failure   Level
 Blink                    Tloc           N/A        N/A       100%        2
 Lesser Beckoning         Tloc           1%         N/A       100%        3
 Manifold Assault         Tloc           3%         N/A       100%        5


Dungeon Overview and Level Annotations

Branches:
Dungeon (4/15)             Temple (0/1) D:4

Altars:
Ashenzari
Dithmenos
Elyvilon
Xom


Innate Abilities, Weirdness & Mutations

You have very sharp teeth.
Your uncanny sense of smell can sniff out nearby items.
Your experience applies equally to all skills.
You have sharp toenails.
You possess an exceptional clarity of mind.
Your flesh is cold resistant. (rC+)
You are covered in fur. (AC +1)
Your spells are a little easier to cast, but a little less powerful.


Message History

* * * LOW HITPOINT WARNING * * *
Unknown command.
Unknown command.
You feel much better. The jelly hits you.
You are splashed with acid!
The quasit bites you.
The quasit claws you but does no damage.
You block the quasit's attack. x2; The quasit claws you. x2
The shadow imp barely misses you.
Okay, then.
Unknown command.
As you read the scroll labelled CUSCHA XARERPHIA, it crumbles to dust.
You feel strangely unstable.
It was a scroll of teleportation.
The quasit completely misses you. The quasit claws you. x2
* * * LOW HITPOINT WARNING * * *
You block the quasit's attack.
The quasit claws you but does no damage.
The quasit claws you.
* * * LOW HITPOINT WARNING * * *
You feel clumsy. The jelly barely misses you. The shadow imp gestures at you.
You resist with some effort.
Unknown command.
Unknown command.
You barely miss the jelly. You claw the jelly.
The jelly is heavily wounded.
The quasit bites you.
* * * LOW HITPOINT WARNING * * *
You feel clumsy. You block the quasit's attack. The quasit barely misses you.
The quasit bites you.
* * * LOW HITPOINT WARNING * * *
The quasit claws you.
* * * LOW HITPOINT WARNING * * *
You feel clumsy. The quasit completely misses you. The jelly hits you.
* * * LOW HITPOINT WARNING * * *
The acid corrodes you!
You are splashed with acid!
You die...
Xom laughs nastily!

####)# #b#.# #.....# #b#.#
#.......# #_#.# .#####...
#.#.# ##### ∆##.. #...#
#.... ∆∆#..#### #####
#.... # ∆
∆#..5..##########.... #.
∆∆∆ #.#5#..##.....##....
#.# ∆∆∆Z
#@##.##..^^.##.... #.###
#SSJ55#))..^_^.##....
#..##'###5##)...^^^.##....
#.## ####.........##....
#.# #†.................
#.#.)..................###
#.##..##...............#
#..## #................###
##. .....................


You could see a jelly, an iron imp (summoned), 2 quasits, an adder, a white imp
(summoned), a shadow imp (summoned) and a ball python.

Vanquished Creatures
  A spriggan (shapeshifter) (D:4)
  A scorpion (D:4)
  2 jellies
  A hound skeleton (D:4)
  2 adders
  A worm (D:3)
  3 dart slugs
  10 orcs
  5 bats
  8 endoplasms
  6 giant cockroaches
  6 goblins
  3 hobgoblins
  4 jackals (D:2)
  3 quokkas
  11 ball pythons
  A frilled lizard (D:1)
  8 kobolds
  9 rats
85 creatures vanquished.

Notes
Turn   | Place    | Note
-------+----------+-------------------------------------------
     0 | D:1      | MisterFreud the Gnoll Fighter began the quest for the Orb.
     0 | D:1      | Reached XP level 1. HP: 23/23 MP: 1/1
    51 | D:1      | Found a faded altar of an unknown god.
    71 | D:1      | Became a worshipper of Xom of Chaos
   254 | D:1      | XOM: silly message
   278 | D:1      | Reached XP level 2. HP: 29/29 MP: 2/2
   484 | D:1      | Found a white marble altar of Elyvilon.
   634 | D:1      | XOM: divination: detect creatures
   988 | D:2      | Reached XP level 3. HP: 31/35 MP: 3/3
  1010 | D:2      | XOM: 9-stop teleportation journey
  1142 | D:2      | XOM: give mutations
  1142 | D:2      | Gained mutation: You are covered in fur. (AC +1) [Xom's
                  | mischief]
  1142 | D:2      | Gained mutation: Your spells are a little easier to cast,
                  | but a little less powerful. [Xom's mischief]
  1142 | D:2      | Gained mutation: Your flesh is cold resistant. (rC+) [Xom's
                  | mischief]
  1456 | D:2      | Reached skill level 1 in Invocations
  1648 | D:2      | XOM: give mutations
  1648 | D:2      | Gained mutation: You possess an exceptional clarity of
                  | mind. [Xom's grace]
  1648 | D:2      | Gained mutation: You have sharp toenails. [Xom's grace]
  1682 | D:2      | XOM: god gift: +2 chain mail of willpower
  1752 | D:3      | Reached skill level 1 in Long Blades
  1752 | D:3      | Reached skill level 1 in Axes
  1752 | D:3      | Reached skill level 1 in Maces & Flails
  1752 | D:3      | Reached skill level 1 in Polearms
  1752 | D:3      | Reached skill level 1 in Staves
  1752 | D:3      | Reached skill level 1 in Slings
  1752 | D:3      | Reached skill level 1 in Bows
  1752 | D:3      | Reached skill level 1 in Crossbows
  1752 | D:3      | Reached skill level 1 in Throwing
  1752 | D:3      | Reached skill level 1 in Dodging
  1752 | D:3      | Reached skill level 1 in Stealth
  1752 | D:3      | Reached skill level 1 in Unarmed Combat
  1752 | D:3      | Reached skill level 1 in Spellcasting
  1752 | D:3      | Reached skill level 1 in Evocations
  1810 | D:3      | Found a shadowy altar of Dithmenos.
  1901 | D:3      | Reached XP level 4. HP: 35/41 MP: 5/5
  1968 | D:3      | Found a broken altar of Ashenzari.
  1981 | D:3      | Reached skill level 1 in Conjurations
  1981 | D:3      | Reached skill level 1 in Hexes
  1981 | D:3      | Reached skill level 1 in Summonings
  1981 | D:3      | Reached skill level 1 in Necromancy
  1981 | D:3      | Reached skill level 1 in Translocations
  1981 | D:3      | Reached skill level 1 in Transmutations
  1981 | D:3      | Reached skill level 1 in Fire Magic
  1981 | D:3      | Reached skill level 1 in Ice Magic
  1981 | D:3      | Reached skill level 1 in Air Magic
  1981 | D:3      | Reached skill level 1 in Earth Magic
  1981 | D:3      | Reached skill level 1 in Poison Magic
  2338 | D:3      | XOM: god gift: 58 gold pieces
  2435 | D:4      | Reached XP level 5. HP: 47/47 MP: 6/6
  2536 | D:4      | XOM: 4-stop teleportation journey
  2574 | D:4      | XOM: scenery: create altars
  2582 | D:4      | XOM: scenery: summon butterflies
  2739 | D:4      | Noticed a shapeshifter
  2739 | D:4      | a scorpion changed into a shapeshifter
  2739 | D:4      | XOM: polymorph scorpion -> shapeshifter
  2739 | D:4      | Noticed a polar bear
  2739 | D:4      | a shapeshifter changed into a polar bear
  2742 | D:4      | Noticed a spriggan
  2742 | D:4      | a polar bear changed into a spriggan
  2745 | D:4      | XOM: cast spell 'Chain of Chaos'
  2756 | D:4      | Killed a spriggan
  2757 | D:4      | Reached skill level 5 in Short Blades
  2757 | D:4      | Reached XP level 6. HP: 43/53 MP: 7/9
  2827 | D:4      | Found a staircase to the Ecumenical Temple.
  2932 | D:4      | Found a shimmering altar of Xom.
  3093 | D:4      | XOM: summons 4 hostile demons
  3100 | D:4      | XOM: summons 3 hostile demons
  3111 | D:4      | Splashed by a jelly's acid

Illustrated notes

Levels and vault maps discovered:
D:1:      eino_arrival_water_cross, layout_basic,
          hellmonk_ecumenical_altar_lost_god, kennysheep_flooded_box
D:2:      layout_basic, grunt_ministairs_14
D:3:      layout_rooms, mainiacjoe_overflow_small_starburst,
          lemuel_crystal_altar, minmay_box_of_dots
D:4:      cheibrodos_old_hovel, layout_basic, xom_teletrap_fun, temple_statues,
          hangedman_abyss_or_decor_stagger, minmay_joined_circles

Skill      XL: |  1  2  3  4  5 |
---------------+----------------+-----
Invocations    | 1 2 |  2.4
Long Blades    | 1 2 |  2.1
Axes           | 1 2 |  2.1
Maces & Flails | 1 2 |  2.1
Polearms       | 1 2 |  2.1
Staves         | 1 2 |  2.1
Slings         | 1 2 |  2.1
Bows           | 1 2 |  2.1
Crossbows      | 1 2 |  2.1
Throwing       | 1 2 |  2.1
Dodging        | 1 2 |  2.1
Stealth        | 1 2 |  2.1
Unarmed Combat | 1 2 |  2.1
Spellcasting   | 1 2 |  2.1
Evocations     | 1 2 |  2.1
Conjurations   | 1 |  1.7
Hexes          | 1 |  1.7
Summonings     | 1 |  1.7
Necromancy     | 1 |  1.7
Translocations | 1 |  1.7
Transmutations | 1 |  1.7
Fire Magic     | 1 |  1.7
Ice Magic      | 1 |  1.7
Air Magic      | 1 |  1.7
Earth Magic    | 1 |  1.7
Poison Magic   | 1 |  1.7
Short Blades   | 5 |  5.1
Fighting       | |  6.9
Armour         | |  6.9
Shields        | |  6.9

Action                   |  1- 3 |  4- 6 || total
-------------------------+-------+-------++-------
Melee: Rapier            |   120 |   133 ||   253
       Bite              |    10 |    11 ||    21
       Kick              |     7 |    32 ||    39
Throw: Dart              |     3 |     7 ||    10
  Use: Scroll            |       |     1 ||     1
       Potion            |       |     1 ||     1
Armor: Scale mail        |    36 |       ||    36
       Chain mail        |    10 |   147 ||   157
Dodge: Dodged            |    23 |    56 ||    79
Block: Kite shield       |    53 |   119 ||   172
